 Dungeon Crawl Stone Soup version 0.22-a0-362-g535178c5c5 (webtiles) character file.

30 IDKFA the Ruffian (level 3, -7/36 HPs)
             Began as a Troll Monk on Apr 21, 2018.
             Mangled by a gnoll
             ... wielding a +0 spear
              (9 damage)
             ... on level 1 of the Dungeon.
             The game lasted 00:03:04 (384 turns).

IDKFA the Ruffian (Troll Monk)                       Turns: 384, Time: 00:03:05

Health: -7/36      AC:  5    Str: 20    XL:     3   Next: 5%
Magic:  2/2        EV: 10    Int:  6    God:
Gold:   28         SH:  0    Dex: 12    Spells: 2/2 levels left

rFire    . . .     SeeInvis .   c - +0 spear
rCold    . . .     Gourm    +   (no shield)
rNeg     . . .     Faith    .   a - +0 robe
rPois    .         Spirit   .   (helmet restricted)
rElec    .         Reflect  .   (no cloak)
rCorr    .         Harm     .   (gloves unavailable)
MR       .....                  (boots unavailable)
Stlth    ++........             (no amulet)
HPRegen  0.52/turn              e - -3 ring of slaying (curse)
MPRegen  0.08/turn              (no ring)

@: no status effects
A: large, unfitting armour, claws 3, fast metabolism 3, gourmand, regeneration
1, shaggy fur 1, tough skin 2
a: no special abilities


You were on level 1 of the Dungeon.
You were not hungry.

You visited 1 branch of the dungeon, and saw 1 of its levels.

You collected 28 gold pieces.

Inventory:

Hand Weapons
 c - a +0 spear (weapon)
Armour
 a - a +0 robe (worn)
 d - a +0 robe
 h - a +1 helmet
Jewellery
 e - a cursed -3 ring of slaying (left claw)
Scrolls
 g - a scroll of identify {unknown}
Potions
 f - a potion of degeneration {unknown}
 i - a potion of curing {unknown}
Comestibles
 b - 2 rations


   Skills:
 + Level 2.7 Fighting
 + Level 0.1 Polearms
 + Level 2.7 Dodging
 + Level 1.1 Stealth
 + Level 3.4 Unarmed Combat


You had 2 spell levels left.
You didn't know any spells.

Dungeon Overview and Level Annotations

Branches:
Dungeon (1/15)

Altars:


Innate Abilities, Weirdness & Mutations

You are too large for most types of armour.
You have claws for hands.
Your metabolism is lightning-fast.
You like to eat raw meat.
Your natural rate of healing is unusually fast.
You are covered in fur. (AC +1)
You have very tough skin. (AC +2)


Message History

You kill the hobgoblin!
The bat misses you. The bat barely misses you.
The gnoll hits you but does no damage. The hobgoblin barely misses you.
The bat hits you.
* * * LOW HITPOINT WARNING * * *
The bat misses you. The bat hits you but does no damage.
The gnoll barely misses you.
The hobgoblin hits you but does no damage.
The bat hits you but does no damage.
Things that are here:
a dagger; a hobgoblin corpse The hobgoblin hits you but does no damage.
The bat hits you but does no damage. The bat hits you but does no damage.
The bat barely misses you.
The gnoll hits you from afar with a spear!
* * * LOW HITPOINT WARNING * * *
The bat hits you but does no damage.
The gnoll hits you from afar with a spear!
You die...

####.###......####..#.#### ###...
# ##.##..............# #...
######.#..............# #...
#...##.#####..........########...
.###.##.# #...[.................
## ##.#.## #..........########...
#.##.# #..........# #... ##.#.#
#..........# #... #.#.#
*,.##@###..# #... #.#.#
*,,#.g.g)..# #... ## ##.#.#
#....b...#.#******##.. .####.##.#
#............,,,,,,... .##<#.#.##
#..%.....#.###****#### #.##.##.#
#........#.# ##.###.##
#........#.#* ##...##
#.......>...***** #####
#........#.(,,,,***


You could see a gnoll, a hobgoblin and a bat.

Vanquished Creatures
  2 dart slugs (D:1)
  2 leopard geckos (D:1)
  A ball python (D:1)
  3 giant cockroaches (D:1)
  4 goblins (D:1)
  A hobgoblin (D:1)
  3 kobolds (D:1)
  3 bats (D:1)
  3 rats (D:1)
22 creatures vanquished.

Notes
Turn   | Place    | Note
-------+----------+-------------------------------------------
     0 | D:1      | IDKFA the Troll Monk began the quest for the Orb.
     0 | D:1      | Reached XP level 1. HP: 22/22 MP: 0/0
   134 | D:1      | Reached XP level 2. HP: 27/29 MP: 1/1
   363 | D:1      | Reached XP level 3. HP: 35/36 MP: 2/2
   383 | D:1      | HP: 1/36 [gnoll/spear (7)]
   384 | D:1      | Mangled by a gnoll

Vault maps used:
D:1:      dpeg_arrival_solitude, minmay_tall_x

Action                   || total
-------------------------++-------
Melee: Unarmed           ||     7
       Spear             ||    79
       Punch             ||     1
  Use: Scroll            ||     1
 Stab: Sleeping          ||     1
  Eat: Chunk             ||     1
Armor: Robe              ||    34
Dodge: Dodged            ||    58

Table legend:
 A = Spawn XP
 B = Non-spawn XP
 C = Spawn XP percentage of total XP
 D = Spawn monster count
 E = Non-spawn monster count
 F = Spawn count percentage of total count
 G = Total turns spent on level
                    A         B        C        D         E        F      G
               +---------+---------+-------+---------+---------+-------+---------
         Total |       0 |      44 |   0.0 |       0 |      22 |   0.0 |   384
               +---------+---------+-------+---------+---------+-------+---------
           D:1 |       0 |      44 |   0.0 |       0 |      22 |   0.0 |   384
               +---------+---------+-------+---------+---------+-------+---------
